ANAHEIM vs VEGAS

Created - Tuesday, November 21, 2017 at 06:05

Goals
1 2 3 T
ANAHEIM 1 0 0 1
VEGAS 1 1 1 3
Shots
1 2 3 T
ANAHEIM 7 5 10 22
VEGAS 11 11 9 31

1st period

1. ANAHEIM , Sam Reinhart 4 (Alexandre Burrows 1, Erik Gudbranson 4) at 7:05
2. VEGAS , Boone Jenner 7 (Brock Nelson 16, Nikita Zadorov 7) at 8:30 (PP)

Penalties :
David Perron (ANA) for Slashing (Minor) at 8:20, Boone Jenner (VGK) for Hooking (Minor) at 9:09, Lee Stempniak (ANA) for Holding (Minor) at 9:09, David Perron (ANA) for Delaying the game (Minor) at 18:03

2nd period

3. VEGAS , Nikita Zadorov 5 (Andrew Cogliano 7, Craig Smith 6) at 4:16

Penalties :
Jason Zucker (VGK) for High sticking (Minor) at 6:25, Jason Zucker (VGK) for Roughing (Minor) at 15:56

3rd period

4. VEGAS , Andrew Cogliano 7 (Jon Merrill 1) at 18:44 (Empty Net)

Penalties :
Lee Stempniak (ANA) for Roughing (Minor) at 0:18, Alex Goligoski (VGK) for High sticking (Minor) at 11:43

Goalie Stats

Cam Talbot (ANA), 28 saves from 30 shots - (0.933), L, 8-4-3, 59:46 minutes
Steve Mason (VGK), 21 saves from 22 shots - (0.955), W, 7-6-4, 60:00 minutes

Players Stats for ANAHEIM

Player Name              G  A  P  +/- PIM S  H  SB GA TA FO     MP     PP MP  PK MP  
------------------------------------------------------------------------------------
Alexandre Burrows        0  1  1   1  0   1  4  0  0  0  1/1    11:46   0:00   0:00 
Andrew Shaw              0  0  0  -1  0   0  2  0  0  0  4/7     7:30   0:00   0:00 
Anton Stralman           0  0  0   0  0   2  1  0  0  0  0/0    24:22   2:31   2:24 
Ben Lovejoy              0  0  0  -1  0   3  1  5  0  0  0/0    21:52   3:26   1:44 
Benoit Pouliot           0  0  0   0  0   0  0  0  0  0  0/0     0:00   0:00   0:00 
Brett Ritchie            0  0  0  -1  0   0  0  0  0  0  0/0     7:30   0:00   0:00 
Connor McDavid           0  0  0  -1  0   4  0  0  0  0  25/33  20:44   2:56   3:03 
David Perron             0  0  0  -1  4   2  2  0  0  0  0/0    13:43   0:00   0:23 
Erik Gudbranson          0  1  1   0  0   0  0  1  0  0  0/0    13:46   0:00   0:00 
Evgeny Kuznetsov         0  0  0   0  0   1  0  0  0  0  12/22  22:45   3:01   3:03 
Gustav Nyquist           0  0  0  -1  0   0  0  0  0  0  0/0    10:31   3:01   0:00 
Jacob Josefson           0  0  0   1  0   0  2  0  0  0  9/17   12:41   0:19   0:00 
Karl Alzner              0  0  0   0  0   2  2  1  0  0  0/0    24:22   2:31   2:24 
Kris Russell             0  0  0   0  0   0  1  3  0  0  0/0    13:46   0:00   0:00 
Lee Stempniak            0  0  0   0  4   2  1  0  0  0  1/2    18:35   2:37   0:42 
Michael Frolik           0  0  0  -1  0   2  1  0  0  0  0/0    17:59   2:56   1:05 
Mike Green               0  0  0  -1  0   1  2  0  0  0  0/0    21:52   3:26   1:44 
Sam Reinhart             1  0  1   1  0   1  0  0  0  0  0/0    11:46   0:00   0:00 
Thomas Vanek             0  0  0   0  0   1  0  0  0  0  3/4    18:19   3:01   0:00 

Players Stats for VEGAS

Player Name              G  A  P  +/- PIM S  H  SB GA TA FO     MP     PP MP  PK MP  
------------------------------------------------------------------------------------
Alex Goligoski           0  0  0   0  2   2  2  2  0  0  0/0    26:19   2:28   1:34 
Andrew Cogliano          1  1  2   1  0   7  2  0  0  0  6/8    24:27   1:53   4:05 
Andy Greene              0  0  0  -1  0   0  0  0  0  0  0/0    22:47   2:28   2:23 
Barclay Goodrow          0  0  0   0  0   0  0  0  0  0  0/1     2:49   0:00   0:00 
Boone Jenner             1  0  1   0  2   1  8  0  0  0  11/29  23:06   2:15   4:08 
Brendan Gallagher        0  0  0   0  0   4  2  0  0  0  0/4    15:51   0:00   0:00 
Brian Campbell           0  0  0   1  0   3  0  3  0  0  0/0    20:48   1:40   3:34 
Brock Nelson             0  1  1   0  0   2  0  0  0  0  1/5    20:38   2:15   1:14 
Craig Smith              0  1  1   1  0   0  3  0  0  0  4/16   15:59   1:53   0:00 
Jason Zucker             0  0  0   0  4   2  2  0  0  0  1/2    14:47   0:00   0:32 
Johnny Oduya             0  0  0   0  0   1  0  3  0  0  0/0    12:03   0:00   0:00 
Jon Merrill              0  1  1   1  0   0  1  0  0  0  0/0     4:22   0:00   0:00 
Jordan Martinook         0  0  0   0  0   1  2  0  0  0  0/1    18:59   2:15   0:00 
Marco Scandella          0  0  0   0  0   2  0  2  0  0  0/0    12:52   0:00   0:49 
Mikkel Boedker           0  0  0   0  0   2  0  0  0  0  0/0     3:27   0:00   0:38 
Nikita Zadorov           1  1  2   1  0   1  2  0  0  0  0/0    20:48   1:40   3:34 
Tomas Tatar              0  0  0   1  0   3  4  1  0  0  1/1    17:38   1:53   1:14 
Tyler Ennis              0  0  0   0  0   0  1  0  0  0  7/19   14:20   0:00   0:03 

3 Stars

1 - Andrew Cogliano (VGK)
2 - Nikita Zadorov (VGK)
3 - Boone Jenner (VGK)

Power Play

ANAHEIM - 0 on 3 Attempt(s) - 0.00%
VEGAS - 1 on 3 Attempt(s) - 33.33%

Penalty Kill

ANAHEIM - 2 on 3 Attempt(s) - 66.67% - Score 0 goal in Penalty Kill
VEGAS - 3 on 3 Attempt(s) - 100.00% - Score 0 goal in Penalty Kill

Team Stat

ANAHEIM - Hits : 19 - Faceoff Wins : 55 - Blocked Shots : 10 - Penalty Minutes : 8
VEGAS - Hits : 29 - Faceoff Wins : 31 - Blocked Shots : 11 - Penalty Minutes : 8

Official

Referees : Unknown
Linesman : Unknown

Game Notes

Andrew Cogliano has scored in a empty net!

Finance

Level 1 -- Attendance: 4764 (79.40%) -- Ticket Income $476,400
Level 2 -- Attendance: 3860 (77.20%) -- Ticket Income $231,600
Level 3 -- Attendance: 2000 (100.00%) -- Ticket Income $70,000
Level 4 -- Attendance: 2652 (66.30%) -- Ticket Income $66,300
Luxury Box -- Attendance: 776 (77.60%) -- Ticket Income $155,200
Game was played at the T-Mobile Arena.
Total Attendance: 14052 (78.07%)
Total Ticket Income: $999,500
Total Income: $999,500

ANAHEIM

5 vs 5 Forward 
   Center                   Left Wing                Right Wing               Time % Phy DF OF 
 1 Evgeny Kuznetsov         Thomas Vanek             Lee Stempniak            35     1   2  2  
 2 Connor McDavid           Michael Frolik           David Perron             30     1   2  2  
 3 Jacob Josefson           Alexandre Burrows        Sam Reinhart             25     1   2  2  
 4 Andrew Shaw              Gustav Nyquist           Brett Ritchie            10     1   2  2  

5 vs 5 Defense 
   Defense                  Defense                                           Time % Phy DF OF 
 1 Anton Stralman           Karl Alzner                                       35     1   2  2  
 2 Mike Green               Ben Lovejoy                                       30     1   2  2  
 3 Kris Russell             Erik Gudbranson                                   25     1   2  2  
 4 Anton Stralman           Karl Alzner                                       10     1   2  2  

PowerPlay Forward 
   Center                   Left Wing                Right Wing               Time % Phy DF OF 
 1 Connor McDavid           Michael Frolik           Lee Stempniak            60     1   2  2  
 2 Evgeny Kuznetsov         Thomas Vanek             Gustav Nyquist           40     1   2  2  

PowerPlay Defense
   Defense                  Defense                                           Time % Phy DF OF 
 1 Anton Stralman           Karl Alzner                                       60     1   2  2  
 2 Mike Green               Ben Lovejoy                                       40     1   2  2  

Penalty Kill 4 Players Forward 
   Center                   Wing                     Time % Phy DF OF 
 1 Connor McDavid           Evgeny Kuznetsov         60     1   2  2  
 2 Lee Stempniak            Michael Frolik           40     1   2  2  

Penalty Kill 4 Players Defense
   Defense                  Defense                  Time % Phy DF OF 
 1 Anton Stralman           Karl Alzner              60     1   2  2  
 2 Mike Green               Ben Lovejoy              40     1   2  2  

Penalty Kill - 3 Players Forward 
   Forward                                           Time % Phy DF OF 
 1 Connor McDavid                                    60     1   2  2  
 2 Evgeny Kuznetsov                                  40     1   2  2  

Penalty Kill - 3 Players Defense
   Defense                  Defense                  Time % Phy DF OF 
 1 Anton Stralman           Karl Alzner              60     1   2  2  
 2 Mike Green               Ben Lovejoy              40     1   2  2  

4 vs 4 Forward 
   Center                   Wing                     Time % Phy DF OF 
 1 Connor McDavid           Evgeny Kuznetsov         60     1   2  2  
 2 Lee Stempniak            Michael Frolik           40     1   2  2  

4 vs 4 Defense
   Defense                  Defense                  Time % Phy DF OF 
 1 Anton Stralman           Karl Alzner              60     1   2  2  
 2 Mike Green               Ben Lovejoy              40     1   2  2  

Last Minutes Offensive
   Center                   Left Wing                Right Wing               Defense                  Defense                  
   Connor McDavid           Michael Frolik           Lee Stempniak            Anton Stralman           Karl Alzner              

Last Minutes Defensive
   Center                   Left Wing                Right Wing               Defense                  Defense                  
   Connor McDavid           Michael Frolik           Lee Stempniak            Anton Stralman           Karl Alzner              

Goaltenders
Starting : Cam Talbot               
Backup : Peter Budaj              

Extra Forwards
Normal : Jacob Josefson, Sam Reinhart, David Perron - PP : Jacob Josefson, Sam Reinhart - PK : David Perron
Extra Defensemen
Normal : Kris Russell, Erik Gudbranson, Mike Green - PP : Kris Russell - PK : Erik Gudbranson, Mike Green
Penalty Shots
Connor McDavid, Evgeny Kuznetsov, Thomas Vanek, David Perron, Sam Reinhart

Scratches
ANA CAP HIT (Suspend), Marc Methot (Healthy), Nathan Lieuwen (Healthy)

VEGAS

5 vs 5 Forward 
   Center                   Left Wing                Right Wing               Time % Phy DF OF 
 1 Boone Jenner             Jordan Martinook         Brock Nelson             35     1   2  2  
 2 Craig Smith              Andrew Cogliano          Tomas Tatar              30     1   2  2  
 3 Tyler Ennis              Jason Zucker             Brendan Gallagher        25     1   2  2  
 4 Andrew Cogliano          Mikkel Boedker           Barclay Goodrow          10     1   2  2  

5 vs 5 Defense 
   Defense                  Defense                                           Time % Phy DF OF 
 1 Alex Goligoski           Andy Greene                                       35     1   2  2  
 2 Nikita Zadorov           Brian Campbell                                    30     1   2  2  
 3 Johnny Oduya             Marco Scandella                                   25     1   2  2  
 4 Jon Merrill              Alex Goligoski                                    10     1   2  2  

PowerPlay Forward 
   Center                   Left Wing                Right Wing               Time % Phy DF OF 
 1 Boone Jenner             Jordan Martinook         Brock Nelson             60     1   2  2  
 2 Craig Smith              Andrew Cogliano          Tomas Tatar              40     1   2  2  

PowerPlay Defense
   Defense                  Defense                                           Time % Phy DF OF 
 1 Alex Goligoski           Andy Greene                                       60     1   2  2  
 2 Nikita Zadorov           Brian Campbell                                    40     1   2  2  

Penalty Kill 4 Players Forward 
   Center                   Wing                     Time % Phy DF OF 
 1 Boone Jenner             Andrew Cogliano          60     1   2  2  
 2 Brock Nelson             Tomas Tatar              40     1   2  2  

Penalty Kill 4 Players Defense
   Defense                  Defense                  Time % Phy DF OF 
 1 Alex Goligoski           Andy Greene              60     1   2  2  
 2 Nikita Zadorov           Brian Campbell           40     1   2  2  

Penalty Kill - 3 Players Forward 
   Forward                                           Time % Phy DF OF 
 1 Brock Nelson                                      60     1   2  2  
 2 Andrew Cogliano                                   40     1   2  2  

Penalty Kill - 3 Players Defense
   Defense                  Defense                  Time % Phy DF OF 
 1 Alex Goligoski           Andy Greene              60     1   2  2  
 2 Nikita Zadorov           Brian Campbell           40     1   2  2  

4 vs 4 Forward 
   Center                   Wing                     Time % Phy DF OF 
 1 Brendan Gallagher        Andrew Cogliano          60     1   2  2  
 2 Brock Nelson             Tomas Tatar              40     1   2  2  

4 vs 4 Defense
   Defense                  Defense                  Time % Phy DF OF 
 1 Alex Goligoski           Andy Greene              60     1   2  2  
 2 Nikita Zadorov           Brian Campbell           40     1   2  2  

Last Minutes Offensive
   Center                   Left Wing                Right Wing               Defense                  Defense                  
   Boone Jenner             Jordan Martinook         Brock Nelson             Alex Goligoski           Andy Greene              

Last Minutes Defensive
   Center                   Left Wing                Right Wing               Defense                  Defense                  
   Boone Jenner             Jordan Martinook         Brock Nelson             Alex Goligoski           Andy Greene              

Goaltenders
Starting : Steve Mason              
Backup : Philipp Grubauer         

Extra Forwards
Normal : Jordan Martinook, Brendan Gallagher, Jason Zucker - PP : Jordan Martinook, Brendan Gallagher - PK : Jason Zucker
Extra Defensemen
Normal : Johnny Oduya, Marco Scandella, Jon Merrill - PP : Johnny Oduya - PK : Marco Scandella, Jon Merrill
Penalty Shots
Jordan Martinook, Andrew Cogliano, Brock Nelson, Tomas Tatar, Brendan Gallagher

Scratches
VGK Cap Hit (Healthy), Jordan Caron (Healthy), Mats Zuccarello (Healthy), Matt Carey (Healthy), Phil Varone (Healthy)
Tomas Jurco (Healthy), Ville Pokka (Healthy)

% Time on Ice - ANAHEIM

Lines # - Real PCT - Wanted PCT - Time Play
Normal Forward
1 - 32% - 35% - 15:18
2 - 28% - 30% - 13:22
3 - 25% - 25% - 11:46
4 - 16% - 10% - 7:30
Normal Defense
1 - 33% - 35% - 15:57
2 - 33% - 30% - 15:51
3 - 29% - 25% - 13:46
4 - 5% - 10% - 2:22
PP Forward
1 - 49% - 60% - 2:56
2 - 51% - 40% - 3:01
PP Defense
1 - 42% - 60% - 2:31
2 - 58% - 40% - 3:26
PK Forward
1 - 74% - 60% - 3:03
2 - 26% - 40% - 1:05
PK Defense
1 - 58% - 60% - 2:24
2 - 42% - 40% - 1:44
PK3 Forward
1 - 0% - 60%
2 - 0% - 40%
PK3 Defense
1 - 0% - 60%
2 - 0% - 40%
44 Forward
1 - 70% - 60% - 1:23
2 - 30% - 40% - 0:36
44 Defense
1 - 57% - 60% - 1:08
2 - 43% - 40% - 0:51
Last Minute Offensive  - 0:00
Last Minute Defensive  - 0:00
Total
Forward - 60:00
Defense - 60:00

% Time on Ice - VEGAS

Lines # - Real PCT - Wanted PCT - Time Play
Normal Forward
1 - 35% - 35% - 16:44
2 - 29% - 30% - 14:06
3 - 30% - 25% - 14:17
4 - 6% - 10% - 2:49
Normal Defense
1 - 35% - 35% - 16:33
2 - 31% - 30% - 14:58
3 - 25% - 25% - 12:03
4 - 9% - 10% - 4:22
PP Forward
1 - 54% - 60% - 2:15
2 - 46% - 40% - 1:53
PP Defense
1 - 60% - 60% - 2:28
2 - 40% - 40% - 1:40
PK Forward
1 - 79% - 60% - 4:43
2 - 21% - 40% - 1:14
PK Defense
1 - 40% - 60% - 2:23
2 - 60% - 40% - 3:34
PK3 Forward
1 - 0% - 60%
2 - 0% - 40%
PK3 Defense
1 - 0% - 60%
2 - 0% - 40%
44 Forward
1 - 79% - 60% - 1:34
2 - 21% - 40% - 0:25
44 Defense
1 - 70% - 60% - 1:23
2 - 30% - 40% - 0:36
Last Minute Offensive  - 0:00
Last Minute Defensive  - 0:00
Total
Forward - 60:00
Defense - 60:00

Play by Play

1st period


0:01 of 1st period - Evgeny Kuznetsov wins face-off versus Boone Jenner in neutral zone.
0:01 of 1st period - Evgeny Kuznetsov is hit by Boone Jenner.
1:18 of 1st period - Shot by Andrew Cogliano.
1:18 of 1st period - Stopped by Cam Talbot without a rebound.
1:19 of 1st period - Jacob Josefson wins face-off versus Tyler Ennis in ANAHEIM zone.
1:27 of 1st period - Icing by Johnny Oduya.
1:28 of 1st period - Connor McDavid wins face-off versus Tyler Ennis in VEGAS zone.
1:29 of 1st period - Shot by David Perron.
1:29 of 1st period - Shot Misses the Net.
2:39 of 1st period - Andrew Cogliano is hit by Mike Green and loses puck.
2:48 of 1st period - Shot by Andrew Cogliano.
2:48 of 1st period - Shot Misses the Net.
2:50 of 1st period - Shot by Brian Campbell.
2:50 of 1st period - Stopped by Cam Talbot without a rebound.
2:51 of 1st period - Andrew Shaw wins face-off versus Jordan Martinook in ANAHEIM zone.
3:08 of 1st period - Shot by Brock Nelson.
3:08 of 1st period - Stopped by Cam Talbot without a rebound.
3:09 of 1st period - Andrew Cogliano wins face-off versus Thomas Vanek in ANAHEIM zone.
3:12 of 1st period - Shot by Mikkel Boedker.
3:12 of 1st period - Stopped by Cam Talbot without a rebound.
3:13 of 1st period - Andrew Cogliano wins face-off versus Andrew Shaw in ANAHEIM zone.
4:12 of 1st period - Boone Jenner is hit by Andrew Shaw.
4:36 of 1st period - Shot by Brock Nelson.
4:36 of 1st period - Shot Misses the Net.
5:18 of 1st period - Shot by Lee Stempniak.
5:18 of 1st period - Shot Blocked by Brian Campbell.
5:31 of 1st period - Icing by Mike Green.
5:32 of 1st period - Tyler Ennis wins face-off versus Evgeny Kuznetsov in ANAHEIM zone.
5:33 of 1st period - Shot by Alex Goligoski.
5:33 of 1st period - Stopped by Cam Talbot without a rebound.
5:34 of 1st period - Jacob Josefson wins face-off versus Craig Smith in ANAHEIM zone.
5:34 of 1st period - Jacob Josefson is hit by Andrew Cogliano.
5:55 of 1st period - Shot by Tomas Tatar.
5:55 of 1st period - Shot Blocked by Kris Russell.
5:57 of 1st period - Shot by Tomas Tatar.
5:57 of 1st period - Stopped by Cam Talbot without a rebound.
5:58 of 1st period - Connor McDavid wins face-off versus Tyler Ennis in ANAHEIM zone.
6:29 of 1st period - Shot by Connor McDavid.
6:29 of 1st period - Shot Misses the Net.
6:31 of 1st period - Shot by Michael Frolik.
6:31 of 1st period - Shot Blocked by Johnny Oduya.
6:33 of 1st period - Shot by David Perron.
6:33 of 1st period - Stopped by Steve Mason without a rebound.
6:34 of 1st period - Jacob Josefson wins face-off versus Craig Smith in VEGAS zone.
7:05 of 1st period - Shot by Alexandre Burrows.
7:05 of 1st period - Deflect By Sam Reinhart.
7:05 of 1st period - Goal by Sam Reinhart - ANAHEIM : 1 - VEGAS : 0.
7:06 of 1st period - Evgeny Kuznetsov wins face-off versus Boone Jenner in neutral zone.
7:33 of 1st period - Shot by Anton Stralman.
7:33 of 1st period - Stopped by Steve Mason without a rebound.
7:34 of 1st period - Connor McDavid wins face-off versus Tyler Ennis in VEGAS zone.
7:35 of 1st period - Shot by Ben Lovejoy.
7:35 of 1st period - Stopped by Steve Mason without a rebound.
7:36 of 1st period - Tomas Tatar wins face-off versus Connor McDavid in VEGAS zone.
7:36 of 1st period - Tomas Tatar is hit by David Perron.
8:20 of 1st period - Minor Penalty to David Perron for Slashing.
8:21 of 1st period - Boone Jenner wins face-off versus Evgeny Kuznetsov in ANAHEIM zone.
8:30 of 1st period - Shot by Boone Jenner.
8:30 of 1st period - Goal by Boone Jenner - ANAHEIM : 1 - VEGAS : 1.
8:31 of 1st period - Evgeny Kuznetsov wins face-off versus Tyler Ennis in neutral zone.
8:46 of 1st period - Shot by Brendan Gallagher.
8:46 of 1st period - Stopped by Cam Talbot without a rebound.
8:47 of 1st period - Jacob Josefson wins face-off versus Boone Jenner in ANAHEIM zone.
8:47 of 1st period - Jacob Josefson is hit by Boone Jenner.
8:55 of 1st period - Boone Jenner is hit by Jacob Josefson and loses puck.
9:03 of 1st period - Icing by Alex Goligoski.
9:04 of 1st period - Boone Jenner wins face-off versus Evgeny Kuznetsov in VEGAS zone.
9:09 of 1st period - Minor Penalty to Boone Jenner for Hooking.
9:09 of 1st period - Minor Penalty to Lee Stempniak for Holding.
9:10 of 1st period - Connor McDavid wins face-off versus Brendan Gallagher in neutral zone.
9:16 of 1st period - Connor McDavid is hit by Alex Goligoski and loses puck.
9:41 of 1st period - Shot by Connor McDavid.
9:41 of 1st period - Stopped by Steve Mason without a rebound.
9:42 of 1st period - Connor McDavid wins face-off versus Brendan Gallagher in VEGAS zone.
10:20 of 1st period - Icing by Connor McDavid.
10:21 of 1st period - Connor McDavid wins face-off versus Brock Nelson in ANAHEIM zone.
10:21 of 1st period - Connor McDavid is hit by Tomas Tatar.
10:32 of 1st period - Off-side.
10:33 of 1st period - Jacob Josefson wins face-off versus Brock Nelson in neutral zone.
10:38 of 1st period - Shot by Michael Frolik.
10:38 of 1st period - Shot Misses the Net.
10:40 of 1st period - Shot by Karl Alzner.
10:40 of 1st period - Shot Misses the Net.
10:42 of 1st period - Shot by Anton Stralman.
10:42 of 1st period - Stopped by Steve Mason without a rebound.
10:43 of 1st period - Jacob Josefson wins face-off versus Brendan Gallagher in VEGAS zone.
10:58 of 1st period - Shot by Andrew Cogliano.
10:58 of 1st period - Shot Misses the Net.
12:50 of 1st period - Shot by Thomas Vanek.
12:50 of 1st period - Shot Hit the Post.
13:03 of 1st period - Off-side.
13:04 of 1st period - Tyler Ennis wins face-off versus Jacob Josefson in neutral zone.
13:31 of 1st period - Shot by Jason Zucker.
13:31 of 1st period - Shot Misses the Net.
13:58 of 1st period - Off-side.
13:59 of 1st period - Connor McDavid wins face-off versus Boone Jenner in neutral zone.
14:54 of 1st period - Lee Stempniak is hit by Boone Jenner and loses puck.
15:30 of 1st period - Shot by Evgeny Kuznetsov.
15:30 of 1st period - Stopped by Steve Mason without a rebound.
15:31 of 1st period - Craig Smith wins face-off versus Jacob Josefson in VEGAS zone.
15:31 of 1st period - Craig Smith is hit by Alexandre Burrows.
15:58 of 1st period - Icing by Ben Lovejoy.
15:59 of 1st period - Jacob Josefson wins face-off versus Tyler Ennis in ANAHEIM zone.
16:03 of 1st period - Icing by Ben Lovejoy.
16:04 of 1st period - Jacob Josefson wins face-off versus Tyler Ennis in ANAHEIM zone.
16:24 of 1st period - Jacob Josefson is hit by Nikita Zadorov and loses puck.
17:35 of 1st period - Shot by Andrew Cogliano.
17:35 of 1st period - Deflect By Tomas Tatar.
17:35 of 1st period - Stopped by Cam Talbot without a rebound.
17:36 of 1st period - Connor McDavid wins face-off versus Boone Jenner in ANAHEIM zone.
17:52 of 1st period - Icing by Kris Russell.
17:53 of 1st period - Connor McDavid wins face-off versus Andrew Cogliano in ANAHEIM zone.
18:03 of 1st period - Minor Penalty to David Perron for Delaying the game.
18:04 of 1st period - Connor McDavid wins face-off versus Boone Jenner in ANAHEIM zone.
18:04 of 1st period - Connor McDavid is hit by Boone Jenner.
18:19 of 1st period - Shot by Alex Goligoski.
18:19 of 1st period - Shot Blocked by Ben Lovejoy.
18:21 of 1st period - Shot by Andy Greene.
18:21 of 1st period - Shot Misses the Net.
18:23 of 1st period - Shot by Andy Greene.
18:23 of 1st period - Shot Misses the Net.
18:54 of 1st period - Icing by Andy Greene.
18:55 of 1st period - Boone Jenner wins face-off versus Lee Stempniak in VEGAS zone.
18:55 of 1st period - Boone Jenner is hit by Michael Frolik.
19:47 of 1st period - Shot by Brian Campbell.
19:47 of 1st period - Stopped by Cam Talbot without a rebound.
19:48 of 1st period - Connor McDavid wins face-off versus Brock Nelson in ANAHEIM zone.
19:59 of 1st period - Shot by Alex Goligoski.
19:59 of 1st period - Stopped by Cam Talbot with a rebound.
Goals for this period are 1 for ANAHEIM vs 1 for VEGAS.
Shots for this period are 7 for ANAHEIM vs 11 for VEGAS.

2nd period


0:01 of 2nd period - Connor McDavid wins face-off versus Boone Jenner in neutral zone.
0:38 of 2nd period - Shot by Andrew Cogliano.
0:38 of 2nd period - Deflect By Tomas Tatar.
0:38 of 2nd period - Shot Misses the Net.
0:40 of 2nd period - Shot by Andrew Cogliano.
0:40 of 2nd period - Shot Misses the Net.
0:42 of 2nd period - Shot by Andrew Cogliano.
0:42 of 2nd period - Stopped by Cam Talbot without a rebound.
0:43 of 2nd period - Evgeny Kuznetsov wins face-off versus Boone Jenner in ANAHEIM zone.
1:05 of 2nd period - Shot by Lee Stempniak.
1:05 of 2nd period - Shot Blocked by Alex Goligoski.
2:13 of 2nd period - Shot by Alexandre Burrows.
2:13 of 2nd period - Stopped by Steve Mason without a rebound.
2:14 of 2nd period - Connor McDavid wins face-off versus Craig Smith in VEGAS zone.
2:26 of 2nd period - Icing by Kris Russell.
2:27 of 2nd period - Andrew Cogliano wins face-off versus Connor McDavid in ANAHEIM zone.
2:50 of 2nd period - Shot by Andrew Cogliano.
2:50 of 2nd period - Stopped by Cam Talbot without a rebound.
2:51 of 2nd period - Evgeny Kuznetsov wins face-off versus Tyler Ennis in ANAHEIM zone.
2:51 of 2nd period - Lee Stempniak is hit by Jason Zucker and loses puck.
2:58 of 2nd period - Shot by Brendan Gallagher.
2:58 of 2nd period - Stopped by Cam Talbot without a rebound.
2:59 of 2nd period - Thomas Vanek wins face-off versus Tyler Ennis in ANAHEIM zone.
3:03 of 2nd period - Anton Stralman is hit by Brendan Gallagher and loses puck.
3:20 of 2nd period - Shot by Brendan Gallagher.
3:20 of 2nd period - Deflect By Jason Zucker.
3:20 of 2nd period - Shot Hit the Post.
3:36 of 2nd period - Shot by Jason Zucker.
3:36 of 2nd period - Stopped by Cam Talbot without a rebound.
3:37 of 2nd period - Connor McDavid wins face-off versus Craig Smith in ANAHEIM zone.
4:08 of 2nd period - Shot by Tomas Tatar.
4:08 of 2nd period - Shot Blocked by Ben Lovejoy.
4:10 of 2nd period - Shot by Craig Smith.
4:10 of 2nd period - Shot Misses the Net.
4:12 of 2nd period - Shot by Andrew Cogliano.
4:12 of 2nd period - Stopped by Cam Talbot with a rebound.
4:14 of 2nd period - Shot by Andrew Cogliano.
4:14 of 2nd period - Shot Blocked by Ben Lovejoy.
4:16 of 2nd period - Shot by Nikita Zadorov.
4:16 of 2nd period - Goal by Nikita Zadorov - ANAHEIM : 1 - VEGAS : 2.
4:17 of 2nd period - Jacob Josefson wins face-off versus Boone Jenner in neutral zone.
4:28 of 2nd period - Icing by Alexandre Burrows.
4:29 of 2nd period - Tyler Ennis wins face-off versus Jacob Josefson in ANAHEIM zone.
4:32 of 2nd period - Shot by Johnny Oduya.
4:32 of 2nd period - Stopped by Cam Talbot without a rebound.
4:33 of 2nd period - Lee Stempniak wins face-off versus Boone Jenner in ANAHEIM zone.
4:50 of 2nd period - Shot by Boone Jenner.
4:50 of 2nd period - Deflect By Brock Nelson.
4:50 of 2nd period - Stopped by Cam Talbot without a rebound.
4:51 of 2nd period - Connor McDavid wins face-off versus Craig Smith in ANAHEIM zone.
4:58 of 2nd period - Shot by Andrew Cogliano.
4:58 of 2nd period - Stopped by Cam Talbot without a rebound.
4:59 of 2nd period - Thomas Vanek wins face-off versus Andrew Cogliano in ANAHEIM zone.
4:59 of 2nd period - Thomas Vanek is hit by Tomas Tatar.
5:04 of 2nd period - Lee Stempniak is hit by Andrew Cogliano and loses puck.
6:07 of 2nd period - Icing by Karl Alzner.
6:08 of 2nd period - Evgeny Kuznetsov wins face-off versus Tyler Ennis in ANAHEIM zone.
6:08 of 2nd period - Evgeny Kuznetsov is hit by Tyler Ennis.
6:24 of 2nd period - Ben Lovejoy is hit by Brendan Gallagher and loses puck.
6:25 of 2nd period - Minor Penalty to Jason Zucker for High sticking.
6:26 of 2nd period - Connor McDavid wins face-off versus Boone Jenner in VEGAS zone.
6:41 of 2nd period - Shot by Ben Lovejoy.
6:41 of 2nd period - Stopped by Steve Mason without a rebound.
6:42 of 2nd period - Connor McDavid wins face-off versus Boone Jenner in VEGAS zone.
8:11 of 2nd period - Icing by Gustav Nyquist.
8:12 of 2nd period - Boone Jenner wins face-off versus Evgeny Kuznetsov in ANAHEIM zone.
8:13 of 2nd period - Shot by Mikkel Boedker.
8:13 of 2nd period - Shot Misses the Net.
8:47 of 2nd period - Shot by Brendan Gallagher.
8:47 of 2nd period - Stopped by Cam Talbot without a rebound.
8:48 of 2nd period - Connor McDavid wins face-off versus Craig Smith in ANAHEIM zone.
9:11 of 2nd period - Connor McDavid is hit by Jon Merrill and loses puck.
9:16 of 2nd period - Shot by Michael Frolik.
9:16 of 2nd period - Stopped by Steve Mason without a rebound.
9:17 of 2nd period - Tyler Ennis wins face-off versus Jacob Josefson in VEGAS zone.
9:24 of 2nd period - Shot by Sam Reinhart.
9:24 of 2nd period - Shot Misses the Net.
9:26 of 2nd period - Shot by Sam Reinhart.
9:26 of 2nd period - Deflect By Alexandre Burrows.
9:26 of 2nd period - Shot Blocked by Brian Campbell.
9:47 of 2nd period - Off-side.
9:48 of 2nd period - Evgeny Kuznetsov wins face-off versus Boone Jenner in neutral zone.
10:46 of 2nd period - Evgeny Kuznetsov is hit by Jordan Martinook and loses puck.
12:02 of 2nd period - Shot by Sam Reinhart.
12:02 of 2nd period - Shot Misses the Net.
12:04 of 2nd period - Shot by Alexandre Burrows.
12:04 of 2nd period - Shot Misses the Net.
12:06 of 2nd period - Shot by Sam Reinhart.
12:06 of 2nd period - Shot Blocked by Tomas Tatar.
12:16 of 2nd period - Shot by Alexandre Burrows.
12:16 of 2nd period - Shot Blocked by Johnny Oduya.
12:18 of 2nd period - Shot by Kris Russell.
12:18 of 2nd period - Shot Misses the Net.
12:20 of 2nd period - Shot by Kris Russell.
12:20 of 2nd period - Shot Blocked by Johnny Oduya.
12:22 of 2nd period - Shot by Sam Reinhart.
12:22 of 2nd period - Shot Hit the Post.
12:24 of 2nd period - Shot by Erik Gudbranson.
12:24 of 2nd period - Shot Misses the Net.
13:01 of 2nd period - Jason Zucker is hit by Anton Stralman and loses puck.
13:52 of 2nd period - Shot by Boone Jenner.
13:52 of 2nd period - Shot Blocked by Karl Alzner.
14:29 of 2nd period - Icing by Ben Lovejoy.
14:30 of 2nd period - Andrew Cogliano wins face-off versus Connor McDavid in ANAHEIM zone.
14:31 of 2nd period - Shot by Mikkel Boedker.
14:31 of 2nd period - Shot Blocked by Ben Lovejoy.
15:34 of 2nd period - Shot by Marco Scandella.
15:34 of 2nd period - Stopped by Cam Talbot without a rebound.
15:35 of 2nd period - Alexandre Burrows wins face-off versus Tyler Ennis in ANAHEIM zone.
15:56 of 2nd period - Minor Penalty to Jason Zucker for Roughing.
15:57 of 2nd period - Boone Jenner wins face-off versus Evgeny Kuznetsov in VEGAS zone.
16:12 of 2nd period - Icing by Mike Green.
16:13 of 2nd period - Boone Jenner wins face-off versus Evgeny Kuznetsov in ANAHEIM zone.
16:44 of 2nd period - Shot by Ben Lovejoy.
16:44 of 2nd period - Stopped by Steve Mason without a rebound.
16:45 of 2nd period - Connor McDavid wins face-off versus Boone Jenner in VEGAS zone.
17:17 of 2nd period - Shot by Karl Alzner.
17:17 of 2nd period - Shot Blocked by Brian Campbell.
19:03 of 2nd period - Jason Zucker is hit by Andrew Shaw.
19:28 of 2nd period - Icing by Andy Greene.
19:29 of 2nd period - Thomas Vanek wins face-off versus Brendan Gallagher in VEGAS zone.
19:50 of 2nd period - Shot by Evgeny Kuznetsov.
19:50 of 2nd period - Deflect By Lee Stempniak.
19:50 of 2nd period - Stopped by Steve Mason without a rebound.
19:51 of 2nd period - Craig Smith wins face-off versus Connor McDavid in VEGAS zone.
19:51 of 2nd period - Andrew Cogliano is hit by David Perron and loses puck.
Goals for this period are 0 for ANAHEIM vs 1 for VEGAS.
Shots for this period are 5 for ANAHEIM vs 11 for VEGAS.

3rd period


0:01 of 3rd period - Evgeny Kuznetsov wins face-off versus Boone Jenner in neutral zone.
0:01 of 3rd period - Evgeny Kuznetsov is hit by Boone Jenner.
0:18 of 3rd period - Minor Penalty to Lee Stempniak for Roughing.
0:19 of 3rd period - Connor McDavid wins face-off versus Craig Smith in ANAHEIM zone.
0:19 of 3rd period - Connor McDavid is hit by Tomas Tatar.
0:31 of 3rd period - Karl Alzner is hit by Craig Smith and loses puck.
0:52 of 3rd period - Shot by Andrew Cogliano.
0:52 of 3rd period - Stopped by Cam Talbot with a rebound.
0:59 of 3rd period - Icing by Andy Greene.
1:00 of 3rd period - Connor McDavid wins face-off versus Craig Smith in VEGAS zone.
2:09 of 3rd period - Shot by Brock Nelson.
2:09 of 3rd period - Shot Misses the Net.
2:55 of 3rd period - Shot by Brendan Gallagher.
2:55 of 3rd period - Shot Misses the Net.
2:57 of 3rd period - Shot by Brendan Gallagher.
2:57 of 3rd period - Shot Blocked by Erik Gudbranson.
2:59 of 3rd period - Shot by Marco Scandella.
2:59 of 3rd period - Stopped by Cam Talbot without a rebound.
3:00 of 3rd period - Andrew Shaw wins face-off versus Barclay Goodrow in ANAHEIM zone.
3:08 of 3rd period - Shot by Mikkel Boedker.
3:08 of 3rd period - Stopped by Cam Talbot without a rebound.
3:09 of 3rd period - Brock Nelson wins face-off versus Andrew Shaw in ANAHEIM zone.
3:15 of 3rd period - Boone Jenner is hit by Mike Green and loses puck.
3:37 of 3rd period - Gustav Nyquist is hit by Boone Jenner.
4:23 of 3rd period - Tomas Tatar is hit by Ben Lovejoy and loses puck.
4:44 of 3rd period - Shot by Andrew Cogliano.
4:44 of 3rd period - Shot Misses the Net.
4:46 of 3rd period - Shot by Andrew Cogliano.
4:46 of 3rd period - Shot Misses the Net.
4:48 of 3rd period - Shot by Brian Campbell.
4:48 of 3rd period - Stopped by Cam Talbot without a rebound.
4:49 of 3rd period - Tyler Ennis wins face-off versus Connor McDavid in ANAHEIM zone.
4:56 of 3rd period - Shot by Brendan Gallagher.
4:56 of 3rd period - Stopped by Cam Talbot without a rebound.
4:57 of 3rd period - Tyler Ennis wins face-off versus Evgeny Kuznetsov in ANAHEIM zone.
4:57 of 3rd period - Jason Zucker is hit by Karl Alzner and loses puck.
5:12 of 3rd period - Shot by Evgeny Kuznetsov.
5:12 of 3rd period - Shot Blocked by Marco Scandella.
5:35 of 3rd period - Shot by Thomas Vanek.
5:35 of 3rd period - Stopped by Steve Mason without a rebound.
5:36 of 3rd period - Connor McDavid wins face-off versus Craig Smith in VEGAS zone.
5:44 of 3rd period - Michael Frolik is hit by Nikita Zadorov and loses puck.
5:50 of 3rd period - Icing by Tomas Tatar.
5:51 of 3rd period - Craig Smith wins face-off versus Jacob Josefson in VEGAS zone.
5:51 of 3rd period - Craig Smith is hit by Alexandre Burrows.
5:54 of 3rd period - Icing by Andrew Cogliano.
5:55 of 3rd period - Craig Smith wins face-off versus Connor McDavid in VEGAS zone.
6:14 of 3rd period - Shot by Andrew Cogliano.
6:14 of 3rd period - Shot Misses the Net.
6:19 of 3rd period - Andrew Cogliano is hit by Karl Alzner and loses puck.
6:40 of 3rd period - Karl Alzner is hit by Tomas Tatar and loses puck.
6:48 of 3rd period - Icing by Karl Alzner.
6:49 of 3rd period - Connor McDavid wins face-off versus Boone Jenner in ANAHEIM zone.
7:07 of 3rd period - Shot by Jordan Martinook.
7:07 of 3rd period - Stopped by Cam Talbot without a rebound.
7:08 of 3rd period - Evgeny Kuznetsov wins face-off versus Tyler Ennis in ANAHEIM zone.
7:19 of 3rd period - Shot by Brendan Gallagher.
7:19 of 3rd period - Deflect By Tyler Ennis.
7:19 of 3rd period - Shot Misses the Net.
7:39 of 3rd period - Thomas Vanek is hit by Jason Zucker and loses puck.
8:04 of 3rd period - Evgeny Kuznetsov is hit by Boone Jenner and loses puck.
8:30 of 3rd period - Icing by Alex Goligoski.
8:31 of 3rd period - Boone Jenner wins face-off versus Jacob Josefson in VEGAS zone.
8:31 of 3rd period - Boone Jenner is hit by Alexandre Burrows.
8:44 of 3rd period - Brock Nelson is hit by Kris Russell and loses puck.
8:54 of 3rd period - Alex Goligoski is hit by Alexandre Burrows.
9:40 of 3rd period - Shot by Andrew Cogliano.
9:40 of 3rd period - Shot Misses the Net.
10:31 of 3rd period - Shot by Mike Green.
10:31 of 3rd period - Stopped by Steve Mason without a rebound.
10:32 of 3rd period - Boone Jenner wins face-off versus Evgeny Kuznetsov in VEGAS zone.
10:32 of 3rd period - Boone Jenner is hit by Lee Stempniak.
10:44 of 3rd period - Shot by Brock Nelson.
10:44 of 3rd period - Shot Blocked by Kris Russell.
11:07 of 3rd period - Evgeny Kuznetsov is hit by Alex Goligoski.
11:27 of 3rd period - Alexandre Burrows is hit by Boone Jenner and loses puck.
11:38 of 3rd period - Icing by Brock Nelson.
11:39 of 3rd period - Andrew Shaw wins face-off versus Boone Jenner in VEGAS zone.
11:43 of 3rd period - Minor Penalty to Alex Goligoski for High sticking.
11:44 of 3rd period - Jason Zucker wins face-off versus Connor McDavid in VEGAS zone.
11:58 of 3rd period - Shot by Karl Alzner.
11:58 of 3rd period - Stopped by Steve Mason without a rebound.
11:59 of 3rd period - Boone Jenner wins face-off versus Evgeny Kuznetsov in VEGAS zone.
13:09 of 3rd period - Shot by Anton Stralman.
13:09 of 3rd period - Shot Blocked by Marco Scandella.
13:11 of 3rd period - Shot by Anton Stralman.
13:11 of 3rd period - Shot Misses the Net.
13:15 of 3rd period - Shot by Michael Frolik.
13:15 of 3rd period - Stopped by Steve Mason without a rebound.
13:16 of 3rd period - Connor McDavid wins face-off versus Brock Nelson in VEGAS zone.
13:19 of 3rd period - Shot by Lee Stempniak.
13:19 of 3rd period - Stopped by Steve Mason with a rebound.
13:21 of 3rd period - Shot by Connor McDavid.
13:21 of 3rd period - Stopped by Steve Mason with a rebound.
13:23 of 3rd period - Shot by Karl Alzner.
13:23 of 3rd period - Stopped by Steve Mason with a rebound.
13:25 of 3rd period - Shot by Connor McDavid.
13:25 of 3rd period - Stopped by Steve Mason without a rebound.
13:26 of 3rd period - Evgeny Kuznetsov wins face-off versus Jason Zucker in VEGAS zone.
14:12 of 3rd period - Icing by Alex Goligoski.
14:13 of 3rd period - Tyler Ennis wins face-off versus Connor McDavid in VEGAS zone.
14:40 of 3rd period - Shot by David Perron.
14:40 of 3rd period - Stopped by Steve Mason without a rebound.
14:41 of 3rd period - Evgeny Kuznetsov wins face-off versus Craig Smith in VEGAS zone.
14:49 of 3rd period - Icing by Craig Smith.
14:50 of 3rd period - Evgeny Kuznetsov wins face-off versus Craig Smith in VEGAS zone.
14:51 of 3rd period - Shot by Ben Lovejoy.
14:51 of 3rd period - Shot Misses the Net.
15:08 of 3rd period - Shot by Tomas Tatar.
15:08 of 3rd period - Stopped by Cam Talbot without a rebound.
15:09 of 3rd period - Connor McDavid wins face-off versus Boone Jenner in ANAHEIM zone.
15:33 of 3rd period - Shot by Connor McDavid.
15:33 of 3rd period - Stopped by Steve Mason without a rebound.
15:34 of 3rd period - Andrew Cogliano wins face-off versus Evgeny Kuznetsov in VEGAS zone.
15:49 of 3rd period - Ben Lovejoy is hit by Craig Smith and loses puck.
17:06 of 3rd period - Shot by Michael Frolik.
17:06 of 3rd period - Deflect By Connor McDavid.
17:06 of 3rd period - Shot Hit the Post.
17:38 of 3rd period - Shot by Brendan Gallagher.
17:38 of 3rd period - Shot Misses the Net.
18:00 of 3rd period - Shot by Brendan Gallagher.
18:00 of 3rd period - Deflect By Jason Zucker.
18:00 of 3rd period - Stopped by Cam Talbot without a rebound.
18:01 of 3rd period - Andrew Cogliano wins face-off versus Andrew Shaw in ANAHEIM zone.
18:12 of 3rd period - Shot by Mikkel Boedker.
18:12 of 3rd period - Shot Blocked by Kris Russell.
18:15 of 3rd period - Icing by Erik Gudbranson.
18:16 of 3rd period - Andrew Shaw wins face-off versus Craig Smith in ANAHEIM zone.
18:16 of 3rd period - Andrew Shaw is hit by Craig Smith.
18:26 of 3rd period - Shot by Brett Ritchie.
18:26 of 3rd period - Shot Misses the Net.
18:28 of 3rd period - Shot by Kris Russell.
18:28 of 3rd period - Shot Blocked by Alex Goligoski.
18:30 of 3rd period - ANAHEIM, Cam Talbot is pulled from the net.
18:30 of 3rd period - Shot by Brett Ritchie.
18:30 of 3rd period - Shot Misses the Net.
18:44 of 3rd period - Shot by Andrew Cogliano.
18:44 of 3rd period - Goal by Andrew Cogliano - ANAHEIM : 1 - VEGAS : 3.
18:44 of 3rd period - Cam Talbot from ANAHEIM was sent back in the game.
18:45 of 3rd period - Boone Jenner wins face-off versus Jacob Josefson in neutral zone.
18:45 of 3rd period - Jordan Martinook is hit by Jacob Josefson and loses puck.
18:51 of 3rd period - Off-side.
18:52 of 3rd period - Boone Jenner wins face-off versus Jacob Josefson in neutral zone.
19:09 of 3rd period - Shot by Boone Jenner.
19:09 of 3rd period - Shot Misses the Net.
19:15 of 3rd period - Shot by Boone Jenner.
19:15 of 3rd period - Shot Blocked by Ben Lovejoy.
19:41 of 3rd period - Jacob Josefson is hit by Jordan Martinook and loses puck.
Goals for this period are 0 for ANAHEIM vs 1 for VEGAS.
Shots for this period are 10 for ANAHEIM vs 9 for VEGAS.